 Dungeon Sprint DCSS version 0.26-a0-710-g95a0c6c400 (webtiles) character file.

Game seed: 5710886510682595772

47 mhtbhm the Ducker (level 3, -7/39 HPs)
             Began as a Troll Fighter on Oct 30, 2020.
             Mangled by an ogre
             ... wielding a +0 giant club
              (15 damage)
             ... in the Dungeon (Sprint IX: "|||||||||||||||||||||||||||||").
             The game lasted 00:00:10 (44 turns).

mhtbhm the Ducker (Troll Fighter)                     Turns: 44, Time: 00:00:11

Health: -7/39      AC:  6    Str: 25    XL:     3   Next: 48%
Magic:  2/2        EV:  9    Int:  4    God:
Gold:   0          SH:  9    Dex:  9    Spells: 2/2 levels left

rFire    . . .     SeeInvis .   a - +0 flail
rCold    . . .     Faith    .   c - +0 kite shield
rNeg     . . .     Spirit   .   b - +0 robe
rPois    .         Reflect  .   (helmet restricted)
rElec    .         Harm     .   (no cloak)
rCorr    .         Rampage  .   (gloves unavailable)
MR       .....     NoTele   +   (boots unavailable)
Stlth    +.........             (no amulet)
HPRegen  0.53/turn              (no ring)
MPRegen  0.08/turn              (no ring)

@: berserk cooldown, slowed, very slow
A: large, unfitting armour, claws 3, regeneration 1, shaggy fur 1, tough skin 3
a: no special abilities


You were in the Dungeon.
You visited 1 branch

Inventory:

Hand Weapons
 a - a +0 flail (weapon)
Armour
 b - a +0 robe (worn)
 c - a +0 kite shield (worn)
Scrolls
 j - a scroll of blinking
Potions
 d - a potion of might
 e - a potion of curing
 f - a potion of heal wounds
 g - a potion of haste
 h - 2 potions of magic


   Skills:
 + Level 3.8 Fighting
 + Level 3.2 Maces & Flails
 + Level 4.0 Dodging
 + Level 3.7 Shields


You had 2 spell levels left.
You didn't know any spells.
Your spell library was empty.

Dungeon Overview and Level Annotations

Branches:
Dungeon (1/1)

Altars:


Innate Abilities, Weirdness & Mutations

You are too large for most types of armour.
You have claws for hands.
Your natural rate of healing is unusually fast.
You are covered in fur. (AC +1)
You have extremely tough skin. (AC +3)


Message History

The white imp hits you but does no damage.
You barely miss the white imp.
The white imp is lightly wounded.
The white imp barely misses you. The white imp hits you.
The white imp freezes you.
You hit the white imp.
The white imp is severely wounded.
The white imp gestures at you. The puff of frost hits you.
The white imp gestures at you. The puff of frost misses you.
You sock the white imp!
You kill the white imp!
Your Dodging skill increases to level 4!
The ogre hits you with a +0 giant club!!
* * * LOW HITPOINT WARNING * * *
You sock the ogre!
The ogre is moderately wounded.
You block the ogre's attack. The ogre hits you with a +0 giant club!
You die...

▓+▓
▓.▓
▓.▓
▓O▓
▓@▓
▓)▓
▓'▓
▓.▓
▓.▓
▓.▓
▓.▓
▓.▓
▓)▓


You could see an ogre.

Vanquished Creatures
  A hound (D)
  A white imp (D)
  A leopard gecko (D)
  An orc (D)
  2 bats (D)
  A giant cockroach (D)
  A goblin (D)
  A jackal (D)
9 creatures vanquished.

Notes
Turn   | Place    | Note
-------+----------+-------------------------------------------
     0 | D        | mhtbhm the Troll Fighter began the quest for the Orb.
     0 | D        | Reached XP level 1. HP: 22/22 MP: 0/0
    15 | D        | Reached skill level 3 in Dodging
    22 | D        | Noticed an ogre
    22 | D        | Noticed a hound
    32 | D        | Killed a hound
    32 | D        | Reached XP level 2. HP: 32/32 MP: 1/1
    32 | D        | Reached XP level 3. HP: 39/39 MP: 2/2
    43 | D        | Reached skill level 4 in Dodging
    44 | D        | Mangled by an ogre

Illustrated notes

Levels and vault maps discovered:
D:        linesprint [early_d, line_temple, items_1, d_10, items_2, lair_1,
          lair_end, items_3, orc_1, orc_end, items_4, d_15, swamp_1, shoals_1,
          snake_1, spider_1, d_20, vaults_1, items_5, swamp_end, shoals_end,
          snake_end, spider_end, vaults_end, d_27, items_6, zot_1, zot_end,
          crypt_end, forest_end, elf_end, slime_end, tomb_end, abyss_end,
          pan_hell_end]

Skill      XL: |  1  2  3 |
---------------+----------+-----
Maces & Flails | 3 |  3.2
Fighting       | 3 |  3.8
Dodging        | 3 4 |  4.0
Shields        | 3 |  3.7

Action                   || total
-------------------------++-------
Melee: Flail             ||    29
  Use: Potion            ||     1
Armor: Robe              ||     7
Dodge: Dodged            ||    14
Block: Kite shield       ||    12

Table legend: (Time is in decaauts)
 A = Elapsed time spent in this place.
 B = Non-inter-level travel time spent in this place.
 C = Inter-level travel time spent in this place.
 D = Time resting spent in this place.
 E = Time spent auto-exploring this place.
 F = Levels seen in this place.
 G = Mean time per level.
                   A        B        C        D        E       F      G
               +--------+--------+--------+--------+--------+-----+--------+
         Total |     52 |     52 |      0 |      0 |      3 |   1 |   52.0 |
       Dungeon |     52 |     52 |      0 |      0 |      3 |   1 |   52.0 |
               +--------+--------+--------+--------+--------+-----+--------+

Top non-repeatable levels by time:
       D: 52 daAuts
